Map: [ESL] Cosmic Sapphire

Players

DisK - Winner!

  • Race: Protoss Protoss
  • Spawn Location: 5:00

PattyMac

  • Race: Protoss Protoss
  • Spawn Location: 11:00

Event: DreamHack SC2 Masters 2022 Atlanta (Online)

VOD

Have the link to the VOD?

Description

Time

  • Played on: Oct. 6, 2022, 6:23 p.m.
  • Length: 16:16

All games in this series

Show
View Real Time Build Order
Export as new Build Order

DisK Protoss - Winner!

Build Orders:  

Get SALT Encoding   

  12  0:00  Probe  
  13  0:12  Probe  
  14  0:17  Pylon  
  14  0:24  Probe  
  15  0:35  Gateway  
  15  0:37  Probe (Chrono Boost)  
  16  0:46  Probe (Chrono Boost)  
  16  0:47  Assimilator  
  17  0:51  Probe (Chrono Boost)  
  17  0:55  Assimilator  
  18  1:03  Probe (Chrono Boost)  
  19  1:08  Gateway  
  19  1:15  Probe (Chrono Boost)  
  20  1:19  Probe (Chrono Boost)  
  20  1:24  Cybernetics Core  
  21  1:30  Probe  
  22  1:33  Pylon  
  22  1:42  Probe  
  24  1:54  Probe  
  24  1:58  Warp Gate (Chrono Boost)  
  24  2:00  Stalker x2  
  28  2:09  Pylon  
  29  2:30  Probe  
  29  2:31  Stalker x2  
  33  2:42  Robotics Facility  
  33  3:01  Shield Battery  
  33  3:04  Probe  
  34  3:11  Shield Battery  
  34  3:12  Stalker  
  37  3:19  Twilight Council  
  36  3:27  Pylon  
  36  3:32  Immortal  
  38  3:46  Stalker  
  40  3:51  Stalker  
  40  3:54  Pylon  
  42  4:10  Blink  
  36  4:24  Sentry  
  36  4:31  Gateway  
  38  4:32  Gateway  
  38  4:47  Shield Battery  
  38  4:49  Immortal (Chrono Boost)  
  42  5:00  Stalker  
  31  5:24  Stalker  
  31  5:26  Stalker  
  25  5:41  Probe  
  26  5:58  Probe  
  25  6:05  Stalker  
  25  6:11  Probe  
  28  6:12  Zealot  
  28  6:35  Probe  
  29  6:51  Probe (Chrono Boost)  
  30  7:00  Probe (Chrono Boost)  
  31  7:05  Probe (Chrono Boost)  
  31  7:07  Stalker  
  34  7:17  Probe  
  35  7:29  Probe  
  32  7:41  Probe  
  32  7:42  Stalker  
  32  7:43  Stalker x2  
  39  7:53  Probe  
  40  8:06  Probe  
  39  8:17  Dark Shrine  
  39  8:19  Probe  
  40  8:25  Observer  
  41  8:31  Nexus  
  41  8:38  Pylon  
  41  8:46  Probe  
  42  8:57  Shield Battery  
  42  8:59  Probe  
  43  9:21  Stalker x3  
  43  9:32  Pylon  
  41  9:53  Dark Templar x2  
  41  9:55  Dark Templar  
  47  10:16  Nexus  
  47  10:30  Observer  
  47  10:35  Probe  
  47  10:40  Pylon  
  48  10:48  Probe  
  46  11:00  Probe  
  45  11:04  Stalker  
  45  11:05  Shield Battery  
  45  11:12  Probe  
  45  11:18  Stalker  
  48  11:19  Archon  
  48  11:24  Probe  
  45  11:28  Stalker  
  45  11:31  Probe  
  48  11:36  Sentry  
  48  11:38  Observer (Chrono Boost)  
  51  11:43  Stalker  
  53  11:50  Probe x2  
  54  11:55  Observer  
  54  11:57  Stalker  
  57  12:02  Probe  
  58  12:10  Stalker x2  
  62  12:17  Probe  
  63  12:27  Stalker  
  65  12:33  Forge  
  65  12:46  Assimilator  
  65  12:53  Nexus, Pylon  
  65  12:57  Adept x2  
  69  13:08  Protoss Ground Weapons Level 1 (Chrono Boost)  
  69  13:09  Charge  
  69  13:10  Probe  
  70  13:22  Gateway  
  70  13:23  Gateway  
  66  13:49  Observer  
  66  13:50  Immortal  
  66  13:52  Shield Battery  
  68  14:03  Pylon  
  68  14:05  Gateway  
  68  14:13  Probe x2  
  68  14:25  Zealot x3, Probe  
  75  14:32  Immortal (Chrono Boost)  
  75  14:33  Zealot x2  
  75  14:35  Probe (Chrono Boost)  
  80  14:42  Observer  
  83  14:46  Probe x2 (Chrono Boost)  
  83  14:47  Probe (Chrono Boost)  
  83  14:50  Gateway  
  83  14:51  Gateway  
  83  14:59  Zealot x3  
  89  15:12  Zealot x3  
  95  15:15  Pylon  
  91  15:33  Zealot x6  
  103  15:39  Probe x2  
  103  15:40  Probe  
  103  15:41  Templar Archives  
  105  16:03  Zealot x8  
Show
View Real Time Build Order
Export as new Build Order

PattyMac Protoss 

Build Orders:  

Get SALT Encoding   

  12  0:00  Probe  
  13  0:12  Probe  
  14  0:17  Pylon  
  14  0:24  Probe (Chrono Boost)  
  16  0:37  Probe (Chrono Boost), Gateway  
  16  0:42  Probe (Chrono Boost)  
  16  0:45  Assimilator  
  17  0:52  Probe (Chrono Boost)  
  17  0:54  Assimilator  
  18  1:04  Probe (Chrono Boost)  
  19  1:06  Gateway  
  19  1:12  Probe (Chrono Boost)  
  19  1:18  Probe  
  20  1:24  Cybernetics Core  
  21  1:30  Probe  
  22  1:34  Pylon  
  22  1:42  Probe  
  23  2:01  Robotics Facility  
  24  2:02  Stalker  
  24  2:03  Stalker  
  27  2:11  Warp Gate  
  27  2:16  Pylon  
  27  2:24  Probe  
  28  2:33  Stalker  
  28  2:34  Stalker  
  31  2:47  Immortal (Chrono Boost)  
  35  3:03  Pylon  
  35  3:11  Gateway  
  35  3:21  Warp Prism (Chrono Boost)  
  37  3:42  Twilight Council  
  37  3:43  Pylon  
  37  3:55  Immortal (Chrono Boost)  
  41  4:10  Sentry  
  41  4:11  Stalker  
  45  4:21  Stalker  
  47  4:30  Pylon  
  47  4:36  Immortal (Chrono Boost)  
  51  4:46  Sentry  
  51  4:47  Adept  
  51  4:52  Adept  
  49  5:18  Warp Prism  
  31  5:41  Stalker x2, Blink  
  33  5:46  Stalker  
  36  6:05  Pylon  
  36  6:27  Stalker x2  
  36  6:28  Zealot  
  36  6:31  Shield Battery  
  42  6:33  Shield Battery  
  42  6:38  Pylon  
  42  6:48  Gateway  
  42  6:50  Sentry  
  42  6:51  Stalker  
  40  7:00  Gateway  
  40  7:13  Warp Prism, Stalker  
  42  7:19  Stalker  
  44  7:26  Pylon  
  43  7:41  Stalker  
  39  7:46  Stalker x2  
  41  8:16  Stalker x3  
  47  8:35  Stalker  
  49  8:45  Phoenix  
  49  9:02  Nexus  
  49  9:12  Nexus  
  45  9:25  Sentry  
  47  9:37  Phoenix, Probe (Chrono Boost)  
  48  9:47  Robotics Facility  
  48  9:48  Probe (Chrono Boost)  
  48  9:50  Pylon  
  49  10:00  Probe  
  50  10:09  Shield Battery  
  50  10:10  Sentry  
  53  10:20  Stalker  
  53  10:34  Observer (Chrono Boost)  
  52  10:37  Sentry  
  40  11:13  Phoenix  
  40  11:14  Probe (Chrono Boost)  
  40  11:16  Probe (Chrono Boost)  
  37  11:25  Phoenix  
  38  11:26  Probe (Chrono Boost)  
  38  11:29  Probe (Chrono Boost)  
  40  11:34  Probe (Chrono Boost)  
  40  11:39  Probe (Chrono Boost)  
  41  11:46  Probe (Chrono Boost)  
  43  11:47  Probe (Chrono Boost)  
  44  11:54  Probe (Chrono Boost)  
  44  11:55  Probe (Chrono Boost)  
  45  12:04  Probe (Chrono Boost)  
  45  12:05  Probe (Chrono Boost)  
  47  12:09  Probe (Chrono Boost)  
  47  12:10  Probe (Chrono Boost)  
  49  12:17  Stalker  
  49  12:25  Probe  
  49  12:26  Stalker  
  49  12:29  Probe (Chrono Boost)  
  49  12:30  Phoenix  
  49  12:38  Stalker  
  49  12:40  Probe (Chrono Boost)  
  53  12:47  Probe (Chrono Boost)  
  53  12:49  Shield Battery, Probe (Chrono Boost)  
  54  12:54  Probe (Chrono Boost)  
  54  12:55  Probe  
  56  13:02  Assimilator  
  56  13:09  Stalker  
  56  13:10  Stalker  
  60  13:13  Probe  
  60  13:18  Probe  
  62  13:21  Observer  
  62  13:25  Probe  
  62  13:26  Stalker  
  65  13:30  Probe  
  65  13:31  Stalker  
  66  13:37  Probe  
  63  13:42  Probe  
  63  13:49  Probe  
  63  13:51  Stalker x2  
  63  13:55  Probe  
  69  14:05  Pylon  
  69  14:07  Probe  
  70  14:14  Zealot  
  72  14:33  Nexus  
  72  14:35  Phoenix  
  72  14:38  Probe  
  72  14:39  Probe  
  72  14:41  Cybernetics Core  
  74  14:51  Probe  
  74  14:52  Probe  
  76  14:53  Pylon  
  76  14:58  Forge  
  76  15:03  Probe  
  76  15:05  Probe  
  78  15:12  Pylon  
  78  15:15  Probe  
  78  15:17  Probe  
  72  15:33  Stalker x4  
  72  15:34  Shield Battery  
  76  15:37  Probe  
  76  15:39  Photon Cannon  
  77  15:43  Shield Battery  
  77  15:44  Observer (Chrono Boost)  
  78  15:56  Stalker  
  80  15:57  Stalker  
  66  16:07  Zealot x2  
Tags
 
Add a new tag
Caveats
  • Supply blocks, unpowered buildings, or Contaminate may cause inaccurate times.
  • Supply counts are checked every 10 seconds.